AoeStats
← reconquista.ad

Arena

510151176Analyzed
2v2 RM · 2d ago on Sep 29, 2026· 45m 59s· 4 players
Game mode
Random Map
Map size
Medium (4 player)
Population
200
Speed
Normal
Resources
Standard
Victory
Conquest
Starting age
Dark Age
Ending age
Imperial Age
RankedLock teamsTeams togetherTeam positionsShared explorationLock speedFull tech treeHidden civsTurbo modeCheats
Victory
Defeat
🇫🇷 Varangians · France
1114
+14
🇩🇪 Celts · Germany
1100
+15
🇹🇷 Britons · Türkiye
1088
-15
🇹🇷 Shu · Türkiye
1073
-14
EtZeL
10:06 Feudal Age
15:18 Castle Age
15:21 Loom
15:26 Town Watch
16:34 Double-Bit Axe
17:57 Horse Collar
25:56 Wheelbarrow
24:47 Crossbowman
25:39 Fletching
27:32 Heavy Plow
27:46 Bow Saw
27:36 Pikeman
28:19 Bodkin Arrow
28:53 Squires
30:25 Gambesons
30:45 Scale Mail Armor
31:10 Ballistics
33:22 Imperial Age
31:05 Padded Archer Armor
31:35 Forging
31:04 Man-at-Arms
32:03 Chain Mail Armor
32:54 Leather Archer Armor
32:23 Long Swordsman
32:50 Arson
33:56 Iron Casting
33:57 Masonry
34:01 Caravan
34:32 Coinage
35:08 Chemistry
34:10 Bracer
33:37 Two-Handed Swordsman
34:42 Yeomen
34:42 Hand Cart
34:27 Arbalester
34:30 Cranequins
36:02 Ring Archer Armor
35:54 Halberdier
38:06 Town Patrol
42:17 Plate Mail Armor
43:04 Two-Man Saw
41:53 Champion
44:44 Blast Furnace
reconquista.ad
10:58 Feudal Age
15:40 Castle Age
13:39 Double-Bit Axe
14:55 Horse Collar
16:19 Crossbowman
23:24 Fletching
28:38 Imperial Age
25:30 Pikeman
26:11 Squires
26:12 Scale Mail Armor
27:08 Gambesons
27:39 Chain Mail Armor
28:16 Bow Saw
28:43 Forging
28:32 Bodkin Arrow
28:40 Arbalester
30:06 Bracer
30:22 Padded Archer Armor
32:37 Leather Archer Armor
34:01 Ring Archer Armor
38:18 Halberdier
39:30 Plate Mail Armor
39:54 Ballistics
Reju333
11:36 Feudal Age
15:51 Castle Age
14:02 Horse Collar
14:41 Double-Bit Axe
17:02 Bow Saw
17:00 Heavy Plow
19:04 Loom
21:45 Wheelbarrow
23:36 Gold Mining
25:32 Hand Cart
28:55 Gold Shaft Mining
32:02 Imperial Age
30:02 Forging
30:38 Ballistics
30:37 Stone Mining
32:33 Heavy Scorpion
34:18 Chemistry
32:55 Pikeman
33:26 Onager
35:43 Siege Engineers
36:31 Iron Casting
35:57 Scale Mail Armor
35:36 Elite Skirmisher
38:27 Furor Celtica
39:33 Caravan
40:56 Elite Woad Raider
45:30 Fletching
45:41 Padded Archer Armor
46:41 Blast Furnace
45:57 Chain Mail Armor
46:01 Fortified Wall
ElectroPower84
10:45 Feudal Age
14:55 Castle Age
12:56 Horse Collar
13:40 Double-Bit Axe
16:22 Bow Saw
17:56 Wheelbarrow
20:19 Town Watch
24:14 Loom
26:23 Hand Cart
27:23 Scale Barding Armor
27:29 Forging
27:40 Bow Saw
31:49 Imperial Age
30:00 Chain Barding Armor
30:17 Iron Casting
31:15 Heavy Plow
31:48 Bloodlines
31:34 Fletching
31:33 Treadmill Crane
32:05 Masonry
32:19 Husbandry
31:50 Cavalier
33:02 Siege Engineers
34:03 Two-Man Saw
32:56 Gold Mining
32:56 Stone Mining
33:38 Crop Rotation
33:47 Plate Barding Armor
33:00 Vendel Legacy
34:02 Conscription
37:21 Blast Furnace
36:17 Bodkin Arrow
38:24 Squires
38:11 Gambesons
37:47 Elite Varangian Guard
38:14 Arson
38:31 Scale Mail Armor
39:22 Siege Engineers
40:18 Chemistry
39:39 Ballistics
39:36 Chain Mail Armor
41:39 Plate Mail Armor
41:10 Bracer
40:31 Light Cavalry
41:59 Padded Archer Armor
41:23 Hussar
42:28 Elite Skirmisher
44:04 Architecture
45:23 Leather Archer Armor
47:06 Ring Archer Armor
Connection lost

Rejoining the realm…

Still unreachable

The connection could not be restored.

Session expired

The server has moved on; the page needs a fresh start.